 Dungeon Crawl Stone Soup version 0.21-a0-518-g43a1781 (webtiles) character file.

39 KristoblXynda the Shield-Bearer (level 3, -3/31 HPs)
             Began as a Draconian Fighter on Dec 4, 2017.
             Slain by Sigmund
             ... wielding a +0 scythe
              (10 damage)
             ... on level 2 of the Dungeon.
             The game lasted 00:02:21 (1217 turns).

KristoblXynda the Shield-Bearer (Draconian Fighter) Turns: 1217, Time: 00:02:22

Health: -3/31      AC:  5    Str: 19    XL:     3   Next: 28%
Magic:  3/3        EV: 10    Int:  8    God:
Gold:   50         SH:  0    Dex: 10    Spells: 2/2 levels left

rFire    . . .     SeeInvis .   a - +0 war axe
rCold    . . .     Gourm    .   b - +0 shield
rNeg     . . .     Faith    .   (armour unavailable)
rPois    .         Spirit   .   (helmet restricted)
rElec    .         Reflect  .   (no cloak)
rCorr    .         Harm     .   (no gloves)
MR       .....                  (no boots)
Stlth    +.........             (no amulet)
HPRegen  0.10/turn              (no ring)
MPRegen  0.08/turn              (no ring)

@: confused
A: unfitting armour, cold-blooded, AC +5
a: no special abilities


You were on level 2 of the Dungeon.
You were not hungry.

You visited 1 branch of the dungeon, and saw 2 of its levels.

You collected 50 gold pieces.

Inventory:

Hand Weapons
 a - a +0 war axe (weapon)
Missiles
 e - a throwing net (quivered)
Armour
 b - a +0 shield (worn)
Scrolls
 f - 2 scrolls of identify {unknown}
 h - a scroll of magic mapping {unknown}
 i - a scroll of amnesia {unknown}
Potions
 c - 4 potions of might
 j - a potion of lignification {unknown}
Comestibles
 d - 2 bread rations
 g - a meat ration
 k - 4 fruits


   Skills:
 - Level 3.2 Fighting
 + Level 2.6 Axes
 + Level 3.2 Dodging
 + Level 3.5 Shields


You had 2 spell levels left.
You didn't know any spells.

Dungeon Overview and Level Annotations

Branches:
Dungeon (2/15)

Altars:
The Shining One

Annotations:
D:2 Natasha, Sigmund


Innate Abilities, Weirdness & Mutations

Your plain brown scales are hard. (AC +5)
You cannot fit into any form of body armour.
You are cold-blooded and may be slowed by cold attacks.


Message History

Sigmund casts a spell at you.
You are confused.
Sigmund points at you and mumbles some strange words.
The puff of flame hits you! Natasha closely misses you.
The hobgoblin barely misses you.
Natasha stares at you and mumbles some strange words.
You resist with significant effort.
You hit Natasha.
Your tail-slap misses Natasha.
Natasha is moderately wounded.
You miss the hobgoblin. Natasha claws you.
Sigmund gestures wildly while chanting.
Sigmund flickers and vanishes!
Deactivating autopickup; reactivate with Ctrl-A.
The hobgoblin hits you with a club.
* * * LOW HITPOINT WARNING * * *
Natasha howls an incantation.
Natasha glows brightly for a moment.
Natasha casts a spell.
Something hits you!
You die...

#..# # #.# #..# # #.#
###..#### # #.# ....... #
#.# #....#### ## #.#
#........ .# #.#
#####5...#######.. .# #.#
#......@#......... .####.##
#.....hg#......... .......#
#......{.......... #......#
#......##.........
#......#######..##.........
##.....#........##.........
.#.##'##.........#.......(.
.#..#.##.........'.........
.##.#.##.........#.......##


You could see Natasha, a white imp and a hobgoblin.

Vanquished Creatures
  An ooze (D:2)
  A dart slug (D:1)
  3 leopard geckos (D:1)
  3 bats
  A giant cockroach (D:1)
  2 goblins (D:1)
  5 hobgoblins (D:1)
  3 jackals (D:1)
  4 frilled lizards
  4 kobolds
27 creatures vanquished.

Notes
Turn   | Place    | Note
-------+----------+-------------------------------------------
     0 | D:1      | KristoblXynda the Draconian Fighter began the quest for the Orb.
     0 | D:1      | Reached XP level 1. HP: 19/19 MP: 1/1
   112 | D:1      | Reached XP level 2. HP: 26/26 MP: 2/2
   721 | D:1      | Reached XP level 3. HP: 31/31 MP: 3/3
  1140 | D:2      | Found a glowing golden altar of the Shining One.
  1201 | D:2      | Noticed Sigmund
  1201 | D:2      | Noticed Natasha
  1217 | D:2      | Slain by Sigmund

Vault maps used:
D:1:      sevenhm_arrival_forest_fort_small_3
D:2:      overflow_temple_1_default, chequers_ecumenical_altar_twisty,
          uniq_sigmund, uniq_natasha

Skill      XL: |  1  2 |
---------------+-------+-----
Dodging        | 3 |  3.2
Fighting       | |  3.2
Axes           | |  2.6
Shields        | |  3.5

Action                   || total
-------------------------++-------
Melee: War axe           ||    91
       Tailslap          ||     5
  Eat: Chunk             ||     1
Armor: Skin              ||    35
Dodge: Dodged            ||    53
Block: Shield            ||    48

Table legend:
 A = Spawn XP
 B = Non-spawn XP
 C = Spawn XP percentage of total XP
 D = Spawn monster count
 E = Non-spawn monster count
 F = Spawn count percentage of total count
 G = Total turns spent on level
                    A         B        C        D         E        F      G
               +---------+---------+-------+---------+---------+-------+---------
         Total |       0 |      57 |   0.0 |       0 |      27 |   0.0 |  1217
               +---------+---------+-------+---------+---------+-------+---------
           D:1 |       0 |      44 |   0.0 |       0 |      21 |   0.0 |  1042
           D:2 |       0 |      13 |   0.0 |       0 |       6 |   0.0 |   175
               +---------+---------+-------+---------+---------+-------+---------
